 Dungeon Crawl Stone Soup version 0.31-a0-963-ga325b2283a (webtiles) character file.

Game seed: 9976374626823991890

6963 Maratek the Markskobold (level 11, -3/71 HPs)
             Began as a Kobold Hunter on Oct 24, 2023.
             Was a Priest of Dithmenos.
             Slain by a centaur warrior
             ... wielding a +0 hand axe of electrocution
              (14 damage)
             ... on level 10 of the Dungeon.
             The game lasted 00:18:27 (10064 turns).

Maratek the Markskobold (Kobold Hunter)            Turns: 10064, Time: 00:18:28

Health: -3/71      AC:  8    Str:  9    XL:     11   Next: 28%
Magic:  11/11      EV: 24    Int: 10    God:    Dithmenos [***...]
Gold:   1873       SH:  0    Dex: 23    Spells: 10/10 levels left

rFire   + . .        a - +0 shortbow (heavy)
rCold   . . .        (shield currently unavailable)
rNeg    . . .        c - +0 leather armour
rPois   .            v - +0 helmet
rElec   .            s - scarf {shadows}
rCorr   .            k - +0 pair of gloves
SInv    .            i - +1 pair of boots
Will    .....        D - amulet of the acrobat
Stlth   ++++++       m - ring of protection from fire
HPRegen 0.31/turn    t - +5 ring of evasion
MPRegen 0.12/turn

%: acrobat
@: wreathed by umbra
A: small, no large weapons, nightstalker 3
a: Renounce Religion, Shadow Step


You were on level 10 of the Dungeon.
You worshipped Dithmenos.
Dithmenos was most pleased with you.
You visited 2 branches of the dungeon, and saw 12 of its levels.

You collected 1873 gold pieces.

Inventory:

Hand Weapons
 a - a +0 heavy shortbow (weapon)
Armour
 c - a +0 leather armour (worn)
 i - a +1 pair of boots (worn)
 k - a +0 pair of gloves (worn)
 s - a scarf of shadows (worn)
 v - a +0 helmet (worn)
Jewellery
 m - a ring of protection from fire (left hand)
 t - a +5 ring of evasion (right hand)
 D - an amulet of the acrobat (around neck)
Wands
 d - a wand of flame (25)
 y - a wand of iceblast (9)
 z - a wand of mindburst (11)
 A - a wand of light (14)
 C - a wand of polymorph (9)
Scrolls
 b - a scroll of butterflies
 g - 4 scrolls of teleportation
 q - a scroll of blinking
 r - a scroll of summoning
 x - 2 scrolls of fear
 B - 2 scrolls of identify
 E - a scroll of fog {unknown}
Potions
 e - 4 potions of brilliance
 f - 5 potions of curing
 h - 2 potions of attraction
 j - 2 potions of haste {unknown}
 l - a potion of invisibility {unknown}
 n - a potion of enlightenment {unknown}
 o - 3 potions of degeneration {unknown}
 p - 3 potions of might {unknown}
 u - 2 potions of lignification {unknown}
 w - a potion of cancellation {unknown}


   Skills:
 + Level 9.5 Fighting
 + Level 15.8 Ranged Weapons
 + Level 4.0 Armour
 + Level 7.2 Dodging
 + Level 4.5 Stealth
 + Level 1.1 Evocations


You had 10 spell levels left.
You didn't know any spells.
Your spell library contained the following spells:

 Spells                   Type           Power      Damage    Failure   Level
 Necrotise                Necr           0%         1d4       45%         1
 Cigotuvi's Dreadful Rot  Necr/Pois/Air  0%         N/A       61%         2
 Lesser Beckoning         Tloc           0%         N/A       61%         2
 Wereblood                Tmut           0%         N/A       61%         2
 Gell's Gravitas          Tloc           0%         N/A       83%         3
 Ignite Poison            Fire/Tmut/Pois 0%         N/A       83%         3
 Ozocubu's Armour         Ice            0%         N/A       83%         3
 Stone Arrow              Conj/Erth      0%         3d7       83%         3
 Teleport Other           Tloc           0%         N/A       83%         3
 Vampiric Draining        Necr           0%         2d6       83%         3
 Animate Armour           Summ/Erth      0%         N/A       99%         4
 Agony                    Necr           0%         N/A       100%        5
 Freezing Cloud           Conj/Ice/Air   0%         6-21      100%        5
 Irradiate                Conj/Tmut      0%         3d11      100%        5
 Ozocubu's Refrigeration  Ice            0%         4d7       100%        7
 Lehudib's Crystal Spear  Conj/Erth      0%         10d2      100%        8


Dungeon Overview and Level Annotations

Branches:
Dungeon (11/15)            Temple (1/1) D:4            Lair (0/5) D:8
    Orc: D:9-12

Altars:
Ashenzari
Cheibriados
Dithmenos
Elyvilon
Fedhas
Gozag
Hepliaklqana
Kikubaaqudgha
Makhleb
Nemelex Xobeh
Okawaru
Qazlal
Ru
Sif Muna
Trog
Uskayaw
Vehumet
Wu Jian
Xom
Yredelemnul
Zin
The Shining One

Annotations:
D:10 2 transporters, Gruesome's ghost, journeyman OpSh


Innate Abilities, Weirdness & Mutations

You are small and have problems with some larger weapons.
You are completely attuned to the shadows.


Message History

Fire: a) +0 shortbow (heavy)
Press: ? - help, Q - select action, (/) - cycle Shift-Dir - straight line, f - orc
Aim: an orc, wielding a +0 hand axe (umbra, 73% to hit)
You shoot an arrow. The arrow hits the orc.
The orc is lightly wounded.
You hear a roar!
The centaur warrior hits you with a +0 hand axe of electrocution!
The centaur warrior closely misses you. The orc barely misses you.
The centaur warrior barely misses you. The centaur warrior misses you.
You hear a shout! x3
Fire: a) +0 shortbow (heavy)
Press: ? - help, Q - select action, (/) - cycle Shift-Dir - straight line, f/p - orc
Aim: an orc, wielding a +0 hand axe (lightly wounded, umbra, 73% to hit)
You shoot an arrow. The arrow hits the orc!
You kill the orc!
Dithmenos accepts your kill.
You hear a shout!
The centaur warrior hits you with a +0 hand axe of electrocution!
* * * LOW HITPOINT WARNING * * *
The centaur warrior completely misses you.
You hear an angry buzzing noise.
Fire: a) +0 shortbow (heavy)
Press: ? - help, Q - select action, (/) - cycle Shift-Dir - straight line, f - centaur warrior
Aim: a centaur warrior, wielding a +0 hand axe of electrocution and wearing a +4 ring of slaying (umbra, 78% to hit)
You shoot an arrow.
The arrow hits the centaur warrior but does no damage.
The centaur warrior hits you with a +0 hand axe of electrocution!
* * * LOW HITPOINT WARNING * * *
The centaur warrior completely misses you.
The centaur warrior misses you.
The centaur warrior completely misses you.
Fire: a) +0 shortbow (heavy)
Press: ? - help, Q - select action, (/) - cycle Shift-Dir - straight line, f/p - centaur warrior
Aim: a centaur warrior, wielding a +0 hand axe of electrocution and wearing a +4 ring of slaying (umbra, 78% to hit)
You shoot an arrow.
The arrow completely misses the centaur warrior.
The centaur warrior misses you.
The centaur warrior completely misses you.
The centaur warrior hits you with a +0 hand axe of electrocution!
You die...

.#
######........'
.# #........#
## #........#
#........#
#........#
##'#######
#..)...##
######.
######'##
...@...
........
..c)..#
........
.....<#
..†.....
.......
....<...
........
........
####+## # #


You could see a centaur warrior.

Vanquished Creatures
  Pikel (D:9)
  Psyche (D:8)
  A troll (D:8)
  A hornet (D:10)
  Sigmund (D:4)
  A shadow (D:10)
  A wraith (D:8)
  3 yaks (D:10)
  2 wyverns (D:9)
  A steam dragon (D:7)
  An acid dragon (D:9)
  3 water moccasins
  2 ice beasts (D:6)
  3 orc warriors
  2 black bears
  2 ogres
  3 centaurs
  5 wolves (D:8)
  3 phantoms
  2 kobold brigands (D:10)
  Blork the orc (D:4)
  A gnoll sergeant (D:9)
  5 bullfrogs
  4 scorpions
  8 killer bees (D:8)
  3 electric eels (D:8)
  6 howler monkeys
  2 hounds
  A jelly (D:4)
  3 orc priests
  Jessica (D:2)
  5 iguanas
  A scorpion zombie (D:4)
  6 sleepcaps
  8 orc wizards
  6 adders
  3 gnolls (D:9)
  2 river rats (D:4)
  2 shadow imps
  2 white imps
  An ufetubus (D:6)
  2 worms
  2 dart slugs
  13 orcs
  8 ball pythons
  10 endoplasms
  5 giant cockroaches
  5 goblins
  10 hobgoblins
  4 jackals (D:4)
  2 quokkas
  4 bats
  3 frilled lizards
  17 kobolds
  A quokka zombie (D:4)
  5 rats
201 creatures vanquished.

Notes
Turn   | Place    | Note
-------+----------+-------------------------------------------
     0 | D:1      | Maratek the Kobold Hunter began the quest for the Orb.
     0 | D:1      | Reached XP level 1. HP: 12/12 MP: 1/1
   199 | D:1      | Reached XP level 2. HP: 16/17 MP: 2/2
   371 | D:1      | Reached skill level 6 in Ranged Weapons
   511 | D:1      | Reached XP level 3. HP: 18/22 MP: 3/3
   831 | D:2      | Found a hazy altar of Hepliaklqana.
   951 | D:2      | Noticed Jessica
   954 | D:2      | Killed Jessica
   955 | D:2      | Reached XP level 4. HP: 27/27 MP: 4/4
   990 | D:2      | Identified the +1 sling of Dohag {drain, rElec rN+}
  1372 | D:2      | Identified a scroll of acquirement
  1373 | D:2      | Acquired 1152 gold pieces
  2105 | D:4      | Noticed a scorpion
  2122 | D:4      | Killed a scorpion
  2123 | D:4      | Reached skill level 7 in Ranged Weapons
  2123 | D:4      | Reached skill level 1 in Armour
  2123 | D:4      | Reached XP level 5. HP: 21/32 MP: 5/5
  2165 | D:4      | Found a staircase to the Ecumenical Temple.
  2180 | Temple   | Entered the Ecumenical Temple
  2312 | D:4      | Found a shadowy altar of Dithmenos.
  2315 | D:4      | Reached XP level 6. HP: 37/37 MP: 6/6
  2320 | D:4      | Became a worshipper of Dithmenos the Shadowed
  2359 | D:4      | Noticed Blork the orc
  2367 | D:5      | Entered Level 5 of the Dungeon
  2374 | D:5      | Reached skill level 8 in Ranged Weapons
  2630 | D:5      | Reached XP level 7. HP: 41/41 MP: 7/7
  2646 | D:5      | Noticed a water moccasin
  2704 | D:4      | Killed Blork the orc
  2705 | D:4      | Reached skill level 9 in Ranged Weapons
  3200 | D:4      | Reached * piety under Dithmenos
  3234 | D:4      | Reached skill level 10 in Ranged Weapons
  3234 | D:4      | Reached XP level 8. HP: 48/48 MP: 8/8
  3323 | D:4      | Noticed Sigmund
  3338 | D:4      | Killed Sigmund
  3339 | D:4      | Reached skill level 11 in Ranged Weapons
  3582 | D:4      | Identified the +2 morningstar of the Kidney {speed, rC++
                  | rN+ Str-3 Int+3}
  3599 | D:4      | Found a basalt altar of Yredelemnul.
  3976 | D:5      | Reached skill level 5 in Fighting
  4131 | D:5      | Found a snail-covered altar of Cheibriados.
  4187 | D:5      | Reached XP level 9. HP: 54/54 MP: 9/9
  4381 | D:6      | Reached skill level 12 in Ranged Weapons
  4612 | D:6      | Found a shimmering blue altar of Sif Muna.
  4737 | D:6      | Reached ** piety under Dithmenos
  4903 | D:6      | Reached skill level 13 in Ranged Weapons
  6619 | D:8      | Reached XP level 10. HP: 58/61 MP: 10/10
  6625 | D:8      | Reached skill level 14 in Ranged Weapons
  6633 | D:8      | Reached skill level 5 in Dodging
  7098 | D:8      | Found a staircase to the Lair.
  7356 | D:8      | Noticed Psyche
  7361 | D:8      | Found a burning altar of Makhleb.
  7363 | D:8      | Noticed an Executioner
  7378 | D:8      | Killed Psyche
  8080 | D:9      | Found a blossoming altar of Fedhas.
  8376 | D:9      | Reached skill level 15 in Ranged Weapons
  8966 | D:9      | Noticed Pikel
  8973 | D:9      | Killed Pikel
  8974 | D:9      | Reached skill level 1 in Evocations
  8974 | D:9      | Reached XP level 11. HP: 69/69 MP: 11/11
  8975 | D:9      | Found a hide-covered altar of Uskayaw.
  9142 | D:9      | Found a sacrificial altar of Ru.
  9186 | D:10     | Entered Level 10 of the Dungeon
  9189 | D:10     | Found a transporter.
  9191 | D:10     | Found a transporter.
  9191 | D:10     | Noticed Gruesome's ghost (journeyman OpSh)
  9420 | D:10     | Reached *** piety under Dithmenos
  9959 | D:10     | You fall into a shaft and drop 1 floor!
 10060 | D:10     | Noticed a centaur warrior
 10064 | D:10     | Slain by a centaur warrior

Illustrated notes

Levels and vault maps discovered:
D:1:      dpeg_arrival_arbitrary_b, layout_basic, chequers_serial_rivers_room_b
D:2:      layout_loops_cross, basic_altar, minmay_misc_feat_secret_circle,
          nrook_loot_triangle, uniq_jessica
D:3:      layout_loops_ring, minmay_misc_feat_iff
D:4:      cheibrodos_barr_body, layout_rooms, grunt_dithmenos_smoke,
          lemuel_zombie_altar_yredelemnul, minmay_temple_entry_statues_pillars,
          portal_sewer_entry_b, chequers_big_river, minmay_misc_feat_cross,
          uniq_blork_the_orc, uniq_sigmund
D:5:      layout_rooms, kennysheep_mini_moat, corexii_corridor_pit
D:6:      minmay_general_purpose_star, layout_basic, tgw_sif, serial_rivers,
          chequers_serial_rivers_large_a, chequers_serial_rivers_micro_d,
          chequers_serial_rivers_small_a, chequers_serial_rivers_small_3,
          chequers_serial_rivers_large_b, minmay_increasing_density
D:7:      layout_basic
D:8:      layout_basic, makhleb_altar_promises_db, erik_lair_island, uniq_psyche
D:9:      layout_loops_ring, mainiacjoe_overflow_small_starburst,
          general_overflow_altar, mainiacjoe_overflow_alcove_4, uniq_pikel
D:10:     layout_roguey, gammafunk_ghost_arena, dk_noncrumbling_2,
          minmay_evil_grid
D:11:     layout_basic
Temple:   zaba_magenta_temple

Skill      XL: |  1  2  3  4  5  6  7  8  9 10 11 |
---------------+----------------------------------+-----
Ranged Weapons | 6 7 8 10 11 13 15 | 15.8
Dodging        | 3 4 6 7 |  7.2
Fighting       | 3 4 5 6 8 9 |  9.5
Armour         | 1 2 3 4 |  4.0
Stealth        | 2 3 4 |  4.5
Evocations     | 1 |  1.1

Action                     |  1- 3 |  4- 6 |  7- 9 | 10-12 || total
---------------------------+-------+-------+-------+-------++-------
   Fire: Shortbow          |    73 |   102 |   275 |   255 ||   705
  Evoke: Wand              |       |       |       |     3 ||     3
    Use: Scroll            |       |     6 |     8 |     2 ||    16
         Potion            |       |     1 |       |     1 ||     2
 Armour: Leather armour    |    18 |    30 |    67 |    73 ||   188
  Dodge: Dodged            |    30 |    48 |   179 |   252 ||   509

Table legend: (Time is in decaauts)
 A = Elapsed time spent in this place.
 B = Non-inter-level travel time spent in this place.
 C = Inter-level travel time spent in this place.
 D = Time resting spent in this place.
 E = Time spent auto-exploring this place.
 F = Levels seen in this place.
 G = Mean time per level.
                   A        B        C        D        E       F      G
               +--------+--------+--------+--------+--------+-----+--------+
         Total |  10229 |   9856 |    373 |   1218 |   7362 |  12 |  852.4 |
       Dungeon |  10169 |   9855 |    314 |   1218 |   7362 |  11 |  924.5 |
        Temple |     60 |      1 |     59 |      0 |      0 |   1 |   60.0 |
               +--------+--------+--------+--------+--------+-----+--------+

Top non-repeatable levels by time:
     D:8: 1691 daAuts
     D:4: 1418 daAuts
     D:6: 1413 daAuts
     D:9: 1116 daAuts
     D:5: 793 daAuts
    D:10: 784 daAuts
     D:2: 762 daAuts
     D:7: 737 daAuts
     D:3: 688 daAuts
     D:1: 661 daAuts
    D:11: 101 daAuts
  Temple: 60 daAuts
